 Seeded DCSS version 0.32-a0-612-g1c984fe (webtiles) character file.

Game seed: 4771504757520219535 (custom seed)

110 brinewave the Cutter (level 4, 0/41 HPs)
             Began as a Gnoll Chaos Knight on Mar 4, 2024.
             Was a Plaything of Xom.
             Slain by a gnoll
             ... wielding a +0 spear
              (6 damage)
             ... on level 4 of the Dungeon.
             The game lasted 00:09:23 (2168 turns).

brinewave the Cutter (Gnoll Chaos Knight)           Turns: 2168, Time: 00:09:25

Health: 0/41       AC:  7    Str: 13    XL:     4   Next: 91%
Magic:  6/6        EV: 11    Int: 12    God:    Xom [*.....]
Gold:   93         SH:  0    Dex: 11    Spells: 5/5 levels left

rFire   . . .        e - +0 mace
rCold   . . .        (no shield)
rNeg    . . .        v - +0 ring mail
rPois   .            (no helmet)
rElec   .            (no cloak)
rCorr   .            (no gloves)
SInv    .            m - +0 pair of boots
Will    .....        (no amulet)
Stlth   +            t - ring of flight
HPRegen 0.26/turn    (no ring)
MPRegen 0.10/turn

%: no passive effects
@: flying, slowed, very slow
A: fangs 1, strong nose, distributed training
a: Renounce Religion


You were on level 4 of the Dungeon.
You worshipped Xom.
You were a special plaything of Xom.
You visited 1 branch of the dungeon, and saw 4 of its levels.

You collected 93 gold pieces.

Inventory:

Hand Weapons
 e - a +0 mace (weapon)
 h - a +0 short sword
 r - a +2 dagger of chaos
Missiles
 j - 19 stones (quivered)
 w - 6 atropa-tipped darts
Armour
 b - a +2 leather armour
 m - a +0 pair of boots (worn)
 v - a +0 ring mail (worn)
Jewellery
 a - a ring of fire
 t - a ring of flight (left hand)
Scrolls
 k - a scroll of noise {unknown}
 l - a scroll of enchant armour {unknown}
 n - a scroll of revelation {unknown}
 o - a scroll of fear {unknown}
 q - a scroll of acquirement {unknown}
 u - a scroll of teleportation {unknown}
Potions
 d - a potion of berserk rage {unknown}
 f - a potion of brilliance
 p - a potion of attraction {unknown}
 s - a potion of heal wounds {unknown}


   Skills:
 + Level 6.6 Fighting
 + Level 6.6 Short Blades
 + Level 1.3 Long Blades
 + Level 1.3 Axes
 + Level 1.3 Maces & Flails
 + Level 1.3 Polearms
 + Level 1.3 Staves
 + Level 1.3 Ranged Weapons
 + Level 1.3 Throwing
 + Level 4.7 Armour
 + Level 2.9 Dodging
 + Level 1.3 Stealth
 + Level 1.3 Shields
 + Level 1.3 Unarmed Combat
 + Level 1.3 Spellcasting
 + Level 1.1 Conjurations
 + Level 1.1 Hexes
 + Level 1.1 Summonings
 + Level 1.1 Necromancy
 + Level 1.1 Translocations
 + Level 1.1 Fire Magic
 + Level 1.1 Ice Magic
 + Level 1.1 Air Magic
 + Level 1.1 Earth Magic
 + Level 1.1 Alchemy
 + Level 1.5 Invocations
 + Level 1.3 Evocations
 + Level 1.2 Shapeshifting


You had 5 spell levels left.
You didn't know any spells.
Your spell library contained the following spells:

 Spells                   Type           Power      Damage    Failure   Level
 Lesser Beckoning         Tloc           6%         N/A       50%         2
 Gell's Gravitas          Tloc           3%         N/A       73%         3
 Teleport Other           Tloc           3%         N/A       73%         3


Dungeon Overview and Level Annotations

Branches:
Dungeon (4/15)
 Temple: D:4-7

Altars:

Annotations:
D:4 Natasha


Innate Abilities, Weirdness & Mutations

You have very sharp teeth.
Your uncanny sense of smell can sniff out nearby items.
Your experience applies equally to all skills.


Message History

The gnoll completely misses your butterfly.
The gnoll hits your butterfly with a +0 whip.
Your butterfly dies!
Your butterfly disappears in a burst of colours!
Natasha casts a spell at you.
You feel yourself slow down.
The hobgoblin closely misses your butterfly.
The gnoll hits your butterfly with a +0 whip!
Your butterfly dies!
Your butterfly disappears in a burst of colours!
Found 3 darts of dispersal.
The hobgoblin closely misses your butterfly.
The gnoll completely misses your butterfly.
Natasha barely misses you.
The gnoll closely misses your butterfly.
The goblin completely misses your butterfly.
The gnoll misses your butterfly. The hobgoblin misses your butterfly.
Natasha hisses.
Natasha barely misses you.
The gnoll hits your butterfly with a +0 flail.
Your butterfly dies!
Your butterfly disappears in a burst of colours!
The gnoll attacks as it pursues you!
The gnoll hits you from afar with a +0 spear.
* * * LOW HITPOINT WARNING * * *
Natasha closely misses you. The gnoll misses your butterfly.
The gnoll hits you from afar with a +0 spear.
* * * LOW HITPOINT WARNING * * *
Natasha attacks as she pursues you! Natasha misses you.
Natasha stares at you and mumbles some strange words.
The magic dart hits you.
* * * LOW HITPOINT WARNING * * *
Unknown command.
As you read the scroll labelled TUZEATI SURO, it crumbles to dust.
Wisps of shadow whirl around you...
It was a scroll of summoning.
Natasha barely misses you. Natasha claws you but does no damage.
The gnoll hits you but does no damage. Natasha barely misses you.
The gnoll hits you from afar with a +0 spear.
You die...
Xom chortles!

#### .#. ...
....######.#
.......g...#
....(Ww@hK#
..#s#####g#
#.####... #
##gb.b....
##..#.####.gb###...
....sbb....Jg.#
....#.b##....b# ##
#bb##g....# #.
#bb###..b######


You could see a scorpion, Natasha (fast, ally target), a gnoll, a friendly
phantom (summoned), a friendly dart slug (summoned, wandering), a friendly
hobgoblin (summoned) and a friendly kobold (summoned).

Vanquished Creatures
  A howler monkey (D:3)
  An adder (D:2)
  A ribbon worm (D:2)
  3 dart slugs
  A bat (D:2)
  7 endoplasms
  A giant cockroach (D:1)
  6 goblins
  3 hobgoblins
  6 jackals
  4 quokkas
  6 ball pythons
  2 frilled lizards
  3 kobolds (D:2)
  5 rats
50 creatures vanquished.

Notes
Turn   | Place    | Note
-------+----------+-------------------------------------------
     0 | D:1      | brinewave the Gnoll Chaos Knight began the quest for the
                  | Orb.
     0 | D:1      | Reached XP level 1. HP: 23/23 MP: 1/1
    64 | D:1      | XOM: silly message
   156 | D:1      | Reached XP level 2. HP: 29/29 MP: 2/2
   317 | D:1      | XOM: divination: detect items
   345 | D:1      | XOM: noise
   396 | D:1      | XOM: silly message
   398 | D:1      | XOM: smoke on damage
   479 | D:1      | Reached XP level 3. HP: 31/35 MP: 3/3
   866 | D:2      | Reached skill level 1 in Invocations
   945 | D:2      | XOM: god gift: glowing dagger {god gift}
  1007 | D:2      | Reached skill level 1 in Long Blades
  1007 | D:2      | Reached skill level 1 in Axes
  1007 | D:2      | Reached skill level 1 in Maces & Flails
  1007 | D:2      | Reached skill level 1 in Polearms
  1007 | D:2      | Reached skill level 1 in Staves
  1007 | D:2      | Reached skill level 1 in Ranged Weapons
  1007 | D:2      | Reached skill level 1 in Throwing
  1007 | D:2      | Reached skill level 1 in Stealth
  1007 | D:2      | Reached skill level 1 in Shields
  1007 | D:2      | Reached skill level 1 in Unarmed Combat
  1007 | D:2      | Reached skill level 1 in Spellcasting
  1007 | D:2      | Reached skill level 1 in Evocations
  1249 | D:2      | Reached skill level 1 in Shapeshifting
  1249 | D:2      | Reached XP level 4. HP: 34/41 MP: 5/5
  1499 | D:3      | XOM: silly message
  1555 | D:3      | Noticed an ogre
  1673 | D:3      | XOM: blink monster(s)
  1674 | D:3      | XOM: butterfly on damage
  1879 | D:3      | XOM: silly message
  1890 | D:3      | Reached skill level 1 in Conjurations
  1890 | D:3      | Reached skill level 1 in Hexes
  1890 | D:3      | Reached skill level 1 in Summonings
  1890 | D:3      | Reached skill level 1 in Necromancy
  1890 | D:3      | Reached skill level 1 in Translocations
  1890 | D:3      | Reached skill level 1 in Fire Magic
  1890 | D:3      | Reached skill level 1 in Ice Magic
  1890 | D:3      | Reached skill level 1 in Air Magic
  1890 | D:3      | Reached skill level 1 in Earth Magic
  1890 | D:3      | Reached skill level 1 in Alchemy
  1966 | D:3      | XOM: divination: detect items
  1989 | D:3      | XOM: enchant monster (good)
  2094 | D:3      | a gnoll changed into a shapeshifter
  2094 | D:3      | Noticed a shapeshifter (shapeshifter)
  2094 | D:3      | XOM: polymorph gnoll -> shapeshifter
  2094 | D:3      | a shapeshifter changed into a giant cockroach
  2130 | D:3      | a hobgoblin changed into a centaur
  2130 | D:3      | Noticed a centaur (shapeshifter)
  2143 | D:4      | XOM: swap monsters
  2144 | D:4      | HP: 1/41 [gnoll/+0 flail (10)]
  2147 | D:4      | XOM: noise
  2147 | D:4      | Noticed Natasha
  2157 | D:4      | Noticed a scorpion
  2162 | D:4      | XOM: enchant monster (bad)
  2168 | D:4      | Slain by a gnoll

Illustrated notes

Levels and vault maps discovered:
D:1:      minmay_arrival_checkered_box, layout_basic
D:2:      layout_basic, nicolae_twisty_statue_hallways
D:3:      layout_basic, nicolae_shop_vocational
D:4:      layout_loops_ring, uniq_natasha

Skill      XL: |  1  2  3  4 |
---------------+-------------+-----
Invocations    | 1 |  1.5
Long Blades    | 1 |  1.3
Axes           | 1 |  1.3
Maces & Flails | 1 |  1.3
Polearms       | 1 |  1.3
Staves         | 1 |  1.3
Ranged Weapons | 1 |  1.3
Throwing       | 1 |  1.3
Stealth        | 1 |  1.3
Shields        | 1 |  1.3
Unarmed Combat | 1 |  1.3
Spellcasting   | 1 |  1.3
Evocations     | 1 |  1.3
Shapeshifting  | 1 |  1.2
Conjurations   | 1 |  1.1
Hexes          | 1 |  1.1
Summonings     | 1 |  1.1
Necromancy     | 1 |  1.1
Translocations | 1 |  1.1
Fire Magic     | 1 |  1.1
Ice Magic      | 1 |  1.1
Air Magic      | 1 |  1.1
Earth Magic    | 1 |  1.1
Alchemy        | 1 |  1.1
Fighting       | |  6.6
Short Blades   | |  6.6
Armour         | |  4.7
Dodging        | |  2.9

Action                     |  1- 3 |  4- 6 || total
---------------------------+-------+-------++-------
  Melee: Short sword       |    11 |       ||    11
         Mace              |   121 |    70 ||   191
         Bite              |    15 |     7 ||    22
  Throw: Stone             |       |     3 ||     3
    Use: Scroll            |       |     4 ||     4
         Potion            |       |     1 ||     1
   Stab: Sleeping          |     2 |       ||     2
 Armour: Leather armour    |    76 |    56 ||   132
         Ring mail         |       |    51 ||    51
  Dodge: Dodged            |    69 |    91 ||   160

Table legend: (Time is in decaauts)
 A = Elapsed time spent in this place.
 B = Non-inter-level travel time spent in this place.
 C = Inter-level travel time spent in this place.
 D = Time resting spent in this place.
 E = Time spent auto-exploring this place.
 F = Levels seen in this place.
 G = Mean time per level.
                   A        B        C        D        E       F      G
               +--------+--------+--------+--------+--------+-----+--------+
         Total |   2234 |   2084 |    150 |     76 |   1185 |   4 |  558.5 |
       Dungeon |   2234 |   2084 |    150 |     76 |   1185 |   4 |  558.5 |
               +--------+--------+--------+--------+--------+-----+--------+

Top non-repeatable levels by time:
     D:2: 923 daAuts
     D:1: 813 daAuts
     D:3: 464 daAuts
     D:4: 32 daAuts
